Hurricanes vs Jets

Created - December-09-14 at 17:59

Goals
1 2 3 T
Hurricanes 3 2 2 7
Jets 2 3 1 6
Shots
1 2 3 T
Hurricanes 11 12 17 40
Jets 15 15 14 44

1st period

1. Hurricanes , Blake Wheeler 14 (Derek Roy, James Wisniewski) at 9:55
2. Hurricanes , Nick Foligno 3 (James Wisniewski, Brooks Orpik) at 11:35
3. Jets , Corey Perry 20 (Joe Pavelski, Jonathan Ericsson) at 12:51
4. Hurricanes , Blake Wheeler 15 (Nick Foligno, James Wisniewski) at 15:12
5. Jets , Joe Pavelski 23 (Jamie Benn, Connor Murphy) at 16:24 (PP)

Penalties :
Ryan Garbutt (CAR) for Holding (Minor) at 2:16, Christian Ehrhoff (WPG) for Delaying the game (Minor) at 4:23, Brooks Orpik (CAR) for Holding (Minor) at 15:50, Troy Brouwer (WPG) for Roughing (Minor) at 18:01

2nd period

6. Jets , Matt Moulson 7 (Andre Benoit, Jason Garrison) at 4:48 (PP)
7. Hurricanes , Derek Roy 5 (Ryan Garbutt, Dustin Byfuglien) at 13:22 (PP)
8. Hurricanes , James Wisniewski 6 (Brian Boyle) at 14:02 (PP)
9. Jets , Anders Lee 7 (Corey Perry, Nicklas Grossmann) at 16:39
10. Jets , Joe Pavelski 24 (Corey Perry, Jonathan Ericsson) at 17:26

Penalties :
James Wisniewski (CAR) for Hooking (Minor) at 3:22, Nick Foligno (CAR) for Holding (Minor) at 8:25, Connor Murphy (WPG) for High sticking (Double Minor) at 12:23, Anders Lee (WPG) for Roughing (Minor) at 14:19, Connor Murphy (WPG) for Roughing (Minor) at 19:39

3rd period

11. Hurricanes , Nick Foligno 4 (James Wisniewski, Derek Roy) at 12:57
12. Hurricanes , Valeri Nichushkin 8 (Kevin Czuczman, Brian Boyle) at 18:38
13. Jets , Corey Perry 21 (Christian Ehrhoff, Connor Murphy) at 19:52

Penalties :
Dustin Byfuglien (CAR) for Hooking (Minor) at 6:51, Nick Foligno (CAR) for Holding (Minor) at 9:08, Christian Ehrhoff (WPG) for Tripping (Minor) at 9:47, Dustin Byfuglien (CAR) for Hooking (Minor) at 14:22

Goalie Stats

Mike Smith (CAR), 38 saves from 44 shots - (0.864), W, 13-11-2, 60:00 minutes
Marek Mazanec (WPG), 27 saves from 31 shots - (0.871), L, 0-1-0, 44:48 minutes
Cory Schneider (WPG), 6 saves from 9 shots - (0.667), 15:12 minutes

Players Stats for Hurricanes

Player Name              G  A  P  +/- PIM S  H  SB GA TA FO     MP     PP MP  PK MP  
------------------------------------------------------------------------------------
Alex Chiasson            0  0  0  -1  0   2  0  0  0  0  0/0     5:04   0:00   0:00 
Ben Lovejoy              0  0  0  -1  0   4  2  1  0  0  0/0    23:32   5:11   4:05 
Blake Wheeler            2  0  2   2  0   4  2  1  0  0  7/14   23:51   5:00   5:31 
Brad Richardson          0  0  0  -1  0   1  0  0  0  0  9/20   13:57   0:00   0:00 
Brandon McMillan         0  0  0  -1  0   1  1  0  0  0  4/7     5:26   0:00   0:07 
Brian Boyle              0  2  2   1  0   1  3  0  0  0  16/28  16:33   5:00   5:04 
Brooks Orpik             0  1  1  -1  2   0  4  2  0  0  0/0    19:05   0:00   5:20 
Cal Clutterbuck          0  0  0   1  0   0  0  1  0  0  1/3    12:00   0:00   5:31 
Derek Roy                1  2  3   2  0   4  0  0  0  0  15/30  18:44   5:14   0:55 
Dustin Byfuglien         0  1  1   1  4   3  4  2  0  0  0/0    25:45   5:03   4:01 
James Neal               0  0  0  -1  0   3  0  0  0  0  0/3    20:09   5:00   0:00 
James Wisniewski         1  4  5   1  2   3  1  0  0  0  0/0    26:04   5:11   4:41 
Kevin Czuczman           0  1  1   1  0   5  1  1  0  0  0/0    16:12   5:03   2:27 
Nick Foligno             2  1  3   2  4   6  3  0  0  0  2/4    17:33   5:14   0:00 
Patrick Maroon           0  0  0  -1  0   2  1  0  0  0  1/1     5:04   0:00   0:00 
Ryan Garbutt             0  1  1  -1  2   0  2  0  0  0  2/3    23:12   5:14   4:02 
Ryan Wilson              0  0  0   1  0   0  0  2  0  0  0/0     9:18   0:00   0:36 
Valeri Nichushkin        1  0  1   1  0   1  0  0  0  0  0/1     6:29   0:00   0:00 

Players Stats for Jets

Player Name              G  A  P  +/- PIM S  H  SB GA TA FO     MP     PP MP  PK MP  
------------------------------------------------------------------------------------
Anders Lee               1  0  1   0  2   1  0  0  0  0  1/4    19:11   3:42   0:00 
Andre Benoit             0  1  1  -2  0   2  1  1  0  0  0/0    22:54   4:31   3:25 
Boyd Gordon              0  0  0   0  0   0  0  0  0  0  2/3     2:35   0:00   0:00 
Christian Ehrhoff        0  1  1   0  4   0  0  0  0  0  0/0    23:32   6:03   3:19 
Connor Murphy            0  2  2   0  6   4  6  1  0  0  0/0    24:32   6:04   3:30 
Corey Perry              2  2  4   0  0   11 3  1  0  0  0/1    23:34   6:53   0:00 
Jamie Benn               0  1  1  -1  0   4  4  0  0  0  10/23  22:31   6:53   2:33 
Jason Garrison           0  1  1   1  0   0  0  1  0  0  0/0    14:39   4:31   0:00 
Joe Pavelski             2  1  3   0  0   10 1  0  0  0  25/42  23:34   6:53   0:00 
Jonathan Ericsson        0  2  2  -2  0   1  2  0  0  0  0/0    20:00   0:00   5:33 
Josh Bailey              0  0  0   0  0   1  0  0  0  0  1/1     6:57   0:00   0:00 
Matt Moulson             1  0  1  -1  0   5  0  1  0  0  0/0    18:40   3:42   2:00 
Matt Read                0  0  0   0  0   3  1  1  0  0  9/23   17:30   0:00   7:58 
Nate Schmidt             0  0  0   0  0   0  2  0  0  0  0/0     3:35   0:00   0:00 
Nick Bonino              0  0  0   0  0   0  0  0  0  0  9/16   10:39   3:42   0:00 
Nicklas Grossmann        0  1  1   1  0   1  4  0  0  0  0/0    10:44   0:00   4:41 
Pascal Dupuis            0  0  0   0  0   1  1  1  0  0  0/1    10:32   0:00   7:57 
Troy Brouwer             0  0  0  -1  2   0  1  0  0  0  0/0    12:41   0:00   0:00 

3 Stars

1 - Corey Perry (WPG)
2 - James Wisniewski (CAR)
3 - Blake Wheeler (CAR)

Power Play

Hurricanes - 2 on 7 Attempt(s) - 28.57%
Jets - 2 on 7 Attempt(s) - 28.57%

Penalty Kill

Hurricanes - 5 on 7 Attempt(s) - 71.43% - Score 0 goal in Penalty Kill
Jets - 5 on 7 Attempt(s) - 71.43% - Score 0 goal in Penalty Kill

Official

Referees : Wes McCauley and Eric Furlatt
Linesman : Mark Shewchyk and Andy McElman

Game Notes

Marek Mazanec enters game at 15:12 of 1st period

Finance

Level 1 -- Attendance: 5872 (97.87%) -- Ticket Income $575,456
Level 2 -- Attendance: 4903 (98.06%) -- Ticket Income $377,531
Level 3 -- Attendance: 2182 (99.18%) -- Ticket Income $157,104
Level 4 -- Attendance: 1015 (100.00%) -- Ticket Income $66,990
Luxury Box -- Attendance: 800 (100.00%) -- Ticket Income $184,000
Game was played at the MTS Center
Total Attendance: 14772 (98.38%)
Total Ticket Income: $1,361,081
Other Income: $204,162
Total Income: $1,565,243

% Time on Ice - Hurricanes

Lines # - Real PCT - Wanted PCT - Time Play
Normal Forward
1 - 37% - 38% - 13:57
2 - 32% - 35% - 12:14
3 - 17% - 17% - 6:29
4 - 13% - 10% - 5:04
Normal Defense
1 - 35% - 35% - 13:17
2 - 36% - 35% - 13:25
3 - 23% - 17% - 8:42
4 - 6% - 13% - 2:20
PP Forward
1 - 49% - 57% - 5:00
2 - 51% - 43% - 5:14
PP Defense
1 - 51% - 50% - 5:11
2 - 49% - 50% - 5:03
PK Forward
1 - 48% - 50% - 5:04
2 - 52% - 50% - 5:31
PK Defense
1 - 40% - 50% - 4:15
2 - 60% - 50% - 6:20
PK3 Forward
1 - 0% - 60%
2 - 0% - 40%
PK3 Defense
1 - 0% - 60%
2 - 0% - 40%
44 Forward
1 - 26% - 50% - 0:21
2 - 74% - 50% - 0:59
44 Defense
1 - 26% - 50% - 0:21
2 - 74% - 50% - 0:59
Last Minute Offensive  - 0:00
Last Minute Defensive  - 0:07
Total
Forward - 60:00
Defense - 60:00

% Time on Ice - Jets

Lines # - Real PCT - Wanted PCT - Time Play
Normal Forward
1 - 41% - 40% - 15:30
2 - 34% - 31% - 12:42
3 - 18% - 19% - 6:57
4 - 7% - 10% - 2:35
Normal Defense
1 - 37% - 43% - 14:04
2 - 38% - 34% - 14:27
3 - 15% - 13% - 5:38
4 - 9% - 10% - 3:35
PP Forward
1 - 65% - 70% - 6:53
2 - 35% - 30% - 3:42
PP Defense
1 - 57% - 70% - 6:04
2 - 43% - 30% - 4:31
PK Forward
1 - 100% - 75% - 10:14
2 - 0% - 25% - 0:00
PK Defense
1 - 54% - 60% - 5:33
2 - 46% - 40% - 4:41
PK3 Forward
1 - 0% - 70%
2 - 0% - 30%
PK3 Defense
1 - 0% - 60%
2 - 0% - 40%
44 Forward
1 - 80% - 60% - 1:04
2 - 20% - 40% - 0:16
44 Defense
1 - 61% - 51% - 0:49
2 - 39% - 49% - 0:31
Last Minute Offensive  - 0:07
Last Minute Defensive  - 0:00
Total
Forward - 60:00
Defense - 60:00

Play by Play

1st period


0:01 of 1st period - Joe Pavelski wins face-off versus Brad Richardson in neutral zone.
0:10 of 1st period - Shot by Corey Perry.
0:10 of 1st period - Stopped by Mike Smith without a rebound.
0:11 of 1st period - Jamie Benn wins face-off versus Derek Roy in Hurricanes zone.
0:14 of 1st period - Shot by Matt Moulson.
0:14 of 1st period - Stopped by Mike Smith with a rebound.
0:16 of 1st period - Shot by Jamie Benn.
0:16 of 1st period - Shot Misses the Net.
0:18 of 1st period - Shot by Jamie Benn.
0:18 of 1st period - Shot Misses the Net.
0:42 of 1st period - Shot by Troy Brouwer.
0:42 of 1st period - Shot Misses the Net.
0:44 of 1st period - Shot by Jonathan Ericsson.
0:44 of 1st period - Stopped by Mike Smith without a rebound.
0:45 of 1st period - Brian Boyle wins face-off versus Nick Bonino in Hurricanes zone.
0:45 of 1st period - Brian Boyle is hit by Matt Read.
1:26 of 1st period - Cal Clutterbuck is hit by Connor Murphy and loses puck.
1:46 of 1st period - Dustin Byfuglien is hit by Nicklas Grossmann and loses puck.
1:52 of 1st period - James Neal is hit by Nicklas Grossmann and loses puck.
2:16 of 1st period - Minor Penalty to Ryan Garbutt for Holding.
2:17 of 1st period - Blake Wheeler wins face-off versus Joe Pavelski in Hurricanes zone.
2:30 of 1st period - James Wisniewski is hit by Corey Perry and loses puck.
2:37 of 1st period - Shot by Joe Pavelski.
2:37 of 1st period - Stopped by Mike Smith without a rebound.
2:38 of 1st period - Nick Bonino wins face-off versus Blake Wheeler in Hurricanes zone.
2:39 of 1st period - Shot by Christian Ehrhoff.
2:39 of 1st period - Shot Blocked by Cal Clutterbuck.
2:41 of 1st period - Shot by Anders Lee.
2:41 of 1st period - Shot Misses the Net.
2:43 of 1st period - Shot by Christian Ehrhoff.
2:43 of 1st period - Shot Misses the Net.
2:45 of 1st period - Shot by Connor Murphy.
2:45 of 1st period - Stopped by Mike Smith with a rebound.
3:14 of 1st period - Shot by Matt Moulson.
3:14 of 1st period - Stopped by Mike Smith without a rebound.
3:15 of 1st period - Joe Pavelski wins face-off versus Brian Boyle in Hurricanes zone.
3:28 of 1st period - Shot by Joe Pavelski.
3:28 of 1st period - Stopped by Mike Smith without a rebound.
3:29 of 1st period - Joe Pavelski wins face-off versus Brian Boyle in Hurricanes zone.
3:36 of 1st period - Shot by Jamie Benn.
3:36 of 1st period - Stopped by Mike Smith with a rebound.
4:04 of 1st period - Shot by Jamie Benn.
4:04 of 1st period - Shot Blocked by Ben Lovejoy.
4:23 of 1st period - Minor Penalty to Christian Ehrhoff for Delaying the game.
4:24 of 1st period - Derek Roy wins face-off versus Matt Read in Jets zone.
4:43 of 1st period - Shot by Dustin Byfuglien.
4:43 of 1st period - Stopped by Cory Schneider without a rebound.
4:44 of 1st period - Brian Boyle wins face-off versus Matt Read in Jets zone.
4:49 of 1st period - Shot by Blake Wheeler.
4:49 of 1st period - Stopped by Cory Schneider without a rebound.
4:50 of 1st period - Matt Read wins face-off versus Brian Boyle in Jets zone.
4:50 of 1st period - Matt Read is hit by Brian Boyle.
5:05 of 1st period - Shot by James Wisniewski.
5:05 of 1st period - Stopped by Cory Schneider without a rebound.
5:06 of 1st period - Matt Read wins face-off versus Nick Foligno in Jets zone.
5:33 of 1st period - Shot by Nick Foligno.
5:33 of 1st period - Shot Misses the Net.
6:12 of 1st period - Blake Wheeler is hit by Nicklas Grossmann and loses puck.
6:24 of 1st period - James Neal is hit by Nate Schmidt and loses puck.
6:30 of 1st period - Patrick Maroon is hit by Nate Schmidt and loses puck.
6:35 of 1st period - Shot by James Wisniewski.
6:35 of 1st period - Stopped by Cory Schneider with a rebound.
6:37 of 1st period - Shot by Patrick Maroon.
6:37 of 1st period - Shot Misses the Net.
6:57 of 1st period - Off-side.
6:58 of 1st period - Brian Boyle wins face-off versus Jamie Benn in neutral zone.
7:14 of 1st period - Valeri Nichushkin is hit by Connor Murphy and loses puck.
7:25 of 1st period - Shot by Brian Boyle.
7:25 of 1st period - Stopped by Cory Schneider with a rebound.
8:02 of 1st period - Jonathan Ericsson is hit by Kevin Czuczman and loses puck.
8:16 of 1st period - Off-side.
8:17 of 1st period - Boyd Gordon wins face-off versus James Neal in neutral zone.
8:46 of 1st period - Icing by James Wisniewski.
8:47 of 1st period - Brad Richardson wins face-off versus Joe Pavelski in Hurricanes zone.
8:54 of 1st period - Shot by Joe Pavelski.
8:54 of 1st period - Stopped by Mike Smith without a rebound.
8:55 of 1st period - Joe Pavelski wins face-off versus Derek Roy in Hurricanes zone.
9:02 of 1st period - Shot by Joe Pavelski.
9:02 of 1st period - Shot Blocked by Ryan Wilson.
9:04 of 1st period - Shot by Jonathan Ericsson.
9:04 of 1st period - Shot Blocked by Kevin Czuczman.
9:08 of 1st period - Shot by Corey Perry.
9:08 of 1st period - Stopped by Mike Smith without a rebound.
9:09 of 1st period - Jamie Benn wins face-off versus Brandon McMillan in Hurricanes zone.
9:34 of 1st period - Shot by Brandon McMillan.
9:34 of 1st period - Deflect By Alex Chiasson.
9:34 of 1st period - Stopped by Cory Schneider without a rebound.
9:35 of 1st period - Joe Pavelski wins face-off versus Derek Roy in Jets zone.
9:55 of 1st period - Shot by Blake Wheeler.
9:55 of 1st period - Goal by Blake Wheeler - Hurricanes : 1 - Jets : 0.
9:56 of 1st period - Brad Richardson wins face-off versus Jamie Benn in neutral zone.
10:09 of 1st period - Ben Lovejoy is hit by Jamie Benn and loses puck.
10:26 of 1st period - Shot by Jamie Benn.
10:26 of 1st period - Shot Blocked by Dustin Byfuglien.
10:37 of 1st period - Matt Moulson is hit by Ben Lovejoy and loses puck.
10:49 of 1st period - Icing by Ben Lovejoy.
10:50 of 1st period - Anders Lee wins face-off versus Brad Richardson in Hurricanes zone.
11:07 of 1st period - Icing by Anders Lee.
11:08 of 1st period - Joe Pavelski wins face-off versus Derek Roy in Jets zone.
11:35 of 1st period - Shot by Nick Foligno.
11:35 of 1st period - Goal by Nick Foligno - Hurricanes : 2 - Jets : 0.
11:36 of 1st period - Brian Boyle wins face-off versus Nick Bonino in neutral zone.
12:14 of 1st period - Shot by Valeri Nichushkin.
12:14 of 1st period - Shot Blocked by Matt Read.
12:17 of 1st period - Icing by Connor Murphy.
12:18 of 1st period - Josh Bailey wins face-off versus Derek Roy in Jets zone.
12:18 of 1st period - Josh Bailey is hit by Nick Foligno.
12:21 of 1st period - Connor Murphy is hit by Blake Wheeler and loses puck.
12:43 of 1st period - Shot by Joe Pavelski.
12:43 of 1st period - Shot Hit the Post.
12:48 of 1st period - Joe Pavelski is hit by Brooks Orpik and loses puck.
12:51 of 1st period - Shot by Corey Perry.
12:51 of 1st period - Goal by Corey Perry - Hurricanes : 2 - Jets : 1.
12:52 of 1st period - Brad Richardson wins face-off versus Jamie Benn in neutral zone.
13:26 of 1st period - Off-side.
13:27 of 1st period - Derek Roy wins face-off versus Joe Pavelski in neutral zone.
13:38 of 1st period - Shot by Joe Pavelski.
13:38 of 1st period - Shot Blocked by Blake Wheeler.
13:48 of 1st period - Shot by Joe Pavelski.
13:48 of 1st period - Deflect By Corey Perry.
13:48 of 1st period - Shot Blocked by Brooks Orpik.
13:50 of 1st period - Shot by Corey Perry.
13:50 of 1st period - Shot Blocked by Brooks Orpik.
13:52 of 1st period - Shot by Corey Perry.
13:52 of 1st period - Stopped by Mike Smith without a rebound.
13:53 of 1st period - Brandon McMillan wins face-off versus Boyd Gordon in Hurricanes zone.
13:53 of 1st period - Brandon McMillan is hit by Pascal Dupuis.
14:13 of 1st period - Connor Murphy is hit by Brandon McMillan and loses puck.
14:20 of 1st period - Shot by Kevin Czuczman.
14:20 of 1st period - Shot Misses the Net.
15:12 of 1st period - Shot by Nick Foligno.
15:12 of 1st period - Deflect By Blake Wheeler.
15:12 of 1st period - Goal by Blake Wheeler - Hurricanes : 3 - Jets : 1.
15:12 of 1st period - Marek Mazanec enters game.
15:13 of 1st period - Jamie Benn wins face-off versus James Neal in neutral zone.
15:13 of 1st period - Jamie Benn is hit by Ryan Garbutt.
15:16 of 1st period - Nicklas Grossmann is hit by Brooks Orpik and loses puck.
15:50 of 1st period - Minor Penalty to Brooks Orpik for Holding.
15:51 of 1st period - Blake Wheeler wins face-off versus Joe Pavelski in Hurricanes zone.
16:20 of 1st period - Shot by Connor Murphy.
16:20 of 1st period - Shot Misses the Net.
16:24 of 1st period - Shot by Joe Pavelski.
16:24 of 1st period - Goal by Joe Pavelski - Hurricanes : 3 - Jets : 2.
16:25 of 1st period - Patrick Maroon wins face-off versus Matt Read in neutral zone.
16:47 of 1st period - Shot by Matt Read.
16:47 of 1st period - Deflect By Josh Bailey.
16:47 of 1st period - Stopped by Mike Smith without a rebound.
16:48 of 1st period - Joe Pavelski wins face-off versus Brad Richardson in Hurricanes zone.
16:49 of 1st period - Shot by Corey Perry.
16:49 of 1st period - Deflect By Joe Pavelski.
16:49 of 1st period - Stopped by Mike Smith without a rebound.
16:50 of 1st period - Derek Roy wins face-off versus Joe Pavelski in Hurricanes zone.
17:05 of 1st period - Shot by Blake Wheeler.
17:05 of 1st period - Shot Blocked by Jason Garrison.
17:07 of 1st period - Shot by Blake Wheeler.
17:07 of 1st period - Shot Misses the Net.
17:35 of 1st period - Shot by Derek Roy.
17:35 of 1st period - Stopped by Marek Mazanec with a rebound.
17:46 of 1st period - Joe Pavelski is hit by Dustin Byfuglien and loses puck.
17:54 of 1st period - Icing by Dustin Byfuglien.
17:55 of 1st period - Jamie Benn wins face-off versus James Neal in Hurricanes zone.
17:57 of 1st period - Matt Moulson is hit by Dustin Byfuglien and loses puck.
18:01 of 1st period - Minor Penalty to Troy Brouwer for Roughing.
18:02 of 1st period - Brian Boyle wins face-off versus Matt Read in Jets zone.
18:03 of 1st period - Shot by James Neal.
18:03 of 1st period - Shot Blocked by Connor Murphy.
18:07 of 1st period - Shot by Dustin Byfuglien.
18:07 of 1st period - Shot Blocked by Pascal Dupuis.
18:09 of 1st period - Shot by Kevin Czuczman.
18:09 of 1st period - Stopped by Marek Mazanec without a rebound.
18:10 of 1st period - Matt Read wins face-off versus Blake Wheeler in Jets zone.
18:31 of 1st period - Connor Murphy is hit by Brian Boyle and loses puck.
18:57 of 1st period - Icing by Dustin Byfuglien.
18:58 of 1st period - Matt Read wins face-off versus Brian Boyle in Hurricanes zone.
Goals for this period are 3 for Hurricanes vs 2 for Jets.
Shots for this period are 11 for Hurricanes vs 15 for Jets.

2nd period


0:01 of 2nd period - Joe Pavelski wins face-off versus Brad Richardson in neutral zone.
0:18 of 2nd period - Shot by James Neal.
0:18 of 2nd period - Stopped by Marek Mazanec without a rebound.
0:19 of 2nd period - Nick Foligno wins face-off versus Jamie Benn in Jets zone.
1:36 of 2nd period - Shot by Ben Lovejoy.
1:36 of 2nd period - Shot Misses the Net.
1:50 of 2nd period - Shot by Ben Lovejoy.
1:50 of 2nd period - Stopped by Marek Mazanec without a rebound.
1:51 of 2nd period - Nick Bonino wins face-off versus Cal Clutterbuck in Jets zone.
2:15 of 2nd period - Shot by Josh Bailey.
2:15 of 2nd period - Shot Misses the Net.
2:29 of 2nd period - Icing by Nicklas Grossmann.
2:30 of 2nd period - Nick Bonino wins face-off versus Brad Richardson in Jets zone.
2:30 of 2nd period - Nick Bonino is hit by Ryan Garbutt.
3:11 of 2nd period - Shot by James Neal.
3:11 of 2nd period - Shot Misses the Net.
3:13 of 2nd period - Shot by Brad Richardson.
3:13 of 2nd period - Shot Misses the Net.
3:22 of 2nd period - Minor Penalty to James Wisniewski for Hooking.
3:23 of 2nd period - Joe Pavelski wins face-off versus Blake Wheeler in Hurricanes zone.
3:37 of 2nd period - Icing by Christian Ehrhoff.
3:38 of 2nd period - Blake Wheeler wins face-off versus Joe Pavelski in Jets zone.
4:07 of 2nd period - Shot by Corey Perry.
4:07 of 2nd period - Stopped by Mike Smith without a rebound.
4:08 of 2nd period - Nick Bonino wins face-off versus Brian Boyle in Hurricanes zone.
4:22 of 2nd period - Icing by Jason Garrison.
4:23 of 2nd period - Nick Bonino wins face-off versus Brian Boyle in Jets zone.
4:48 of 2nd period - Shot by Matt Moulson.
4:48 of 2nd period - Goal by Matt Moulson - Hurricanes : 3 - Jets : 3.
4:49 of 2nd period - Boyd Gordon wins face-off versus Derek Roy in neutral zone.
4:56 of 2nd period - Shot by Connor Murphy.
4:56 of 2nd period - Shot Misses the Net.
4:59 of 2nd period - Icing by James Wisniewski.
5:00 of 2nd period - Derek Roy wins face-off versus Jamie Benn in Hurricanes zone.
5:32 of 2nd period - Shot by Matt Moulson.
5:32 of 2nd period - Shot Misses the Net.
5:34 of 2nd period - Shot by Matt Moulson.
5:34 of 2nd period - Stopped by Mike Smith without a rebound.
5:35 of 2nd period - Joe Pavelski wins face-off versus Brad Richardson in Hurricanes zone.
5:52 of 2nd period - Shot by Joe Pavelski.
5:52 of 2nd period - Deflect By Corey Perry.
5:52 of 2nd period - Shot Misses the Net.
6:41 of 2nd period - Icing by James Wisniewski.
6:42 of 2nd period - Brian Boyle wins face-off versus Jamie Benn in Hurricanes zone.
7:52 of 2nd period - Shot by Matt Read.
7:52 of 2nd period - Stopped by Mike Smith without a rebound.
7:53 of 2nd period - Matt Read wins face-off versus Brad Richardson in Hurricanes zone.
8:00 of 2nd period - Shot by Matt Read.
8:00 of 2nd period - Stopped by Mike Smith with a rebound.
8:08 of 2nd period - Shot by Matt Read.
8:08 of 2nd period - Stopped by Mike Smith with a rebound.
8:10 of 2nd period - Shot by Matt Read.
8:10 of 2nd period - Shot Misses the Net.
8:12 of 2nd period - Shot by Pascal Dupuis.
8:12 of 2nd period - Stopped by Mike Smith without a rebound.
8:13 of 2nd period - Derek Roy wins face-off versus Anders Lee in Hurricanes zone.
8:25 of 2nd period - Minor Penalty to Nick Foligno for Holding.
8:26 of 2nd period - Brian Boyle wins face-off versus Jamie Benn in Hurricanes zone.
8:26 of 2nd period - Brian Boyle is hit by Jamie Benn.
9:04 of 2nd period - Shot by Ben Lovejoy.
9:04 of 2nd period - Stopped by Marek Mazanec without a rebound.
9:05 of 2nd period - Brian Boyle wins face-off versus Nick Bonino in Jets zone.
9:24 of 2nd period - Shot by Andre Benoit.
9:24 of 2nd period - Stopped by Mike Smith without a rebound.
9:25 of 2nd period - Joe Pavelski wins face-off versus Blake Wheeler in Hurricanes zone.
9:30 of 2nd period - Shot by Jamie Benn.
9:30 of 2nd period - Shot Misses the Net.
9:41 of 2nd period - Icing by Connor Murphy.
9:42 of 2nd period - Blake Wheeler wins face-off versus Joe Pavelski in Jets zone.
10:36 of 2nd period - Shot by Nick Bonino.
10:36 of 2nd period - Shot Misses the Net.
10:46 of 2nd period - Shot by Nick Bonino.
10:46 of 2nd period - Shot Misses the Net.
11:48 of 2nd period - Icing by Dustin Byfuglien.
11:49 of 2nd period - Jamie Benn wins face-off versus Brad Richardson in Hurricanes zone.
11:52 of 2nd period - Shot by Nicklas Grossmann.
11:52 of 2nd period - Stopped by Mike Smith without a rebound.
11:53 of 2nd period - Joe Pavelski wins face-off versus Derek Roy in Hurricanes zone.
11:58 of 2nd period - Shot by Corey Perry.
11:58 of 2nd period - Stopped by Mike Smith with a rebound.
12:20 of 2nd period - Shot by Derek Roy.
12:20 of 2nd period - Stopped by Marek Mazanec without a rebound.
12:21 of 2nd period - Brad Richardson wins face-off versus Jamie Benn in Jets zone.
12:23 of 2nd period - Double Minor Penalty to Connor Murphy for High sticking.
12:24 of 2nd period - Matt Read wins face-off versus Brian Boyle in Jets zone.
12:24 of 2nd period - Matt Read is hit by Brian Boyle.
12:46 of 2nd period - Shot by James Neal.
12:46 of 2nd period - Deflect By Blake Wheeler.
12:46 of 2nd period - Stopped by Marek Mazanec with a rebound.
13:20 of 2nd period - Shot by Ryan Garbutt.
13:20 of 2nd period - Shot Misses the Net.
13:22 of 2nd period - Shot by Derek Roy.
13:22 of 2nd period - Goal by Derek Roy - Hurricanes : 4 - Jets : 3.
13:23 of 2nd period - Derek Roy wins face-off versus Pascal Dupuis in neutral zone.
13:30 of 2nd period - Shot by Nick Foligno.
13:30 of 2nd period - Stopped by Marek Mazanec without a rebound.
13:31 of 2nd period - Derek Roy wins face-off versus Matt Read in Jets zone.
13:49 of 2nd period - Nick Foligno is hit by Jonathan Ericsson and loses puck.
13:56 of 2nd period - Shot by Kevin Czuczman.
13:56 of 2nd period - Shot Blocked by Matt Moulson.
13:58 of 2nd period - Shot by Kevin Czuczman.
13:58 of 2nd period - Stopped by Marek Mazanec without a rebound.
13:59 of 2nd period - Brian Boyle wins face-off versus Matt Read in Jets zone.
14:00 of 2nd period - Shot by James Wisniewski.
14:00 of 2nd period - Shot Misses the Net.
14:02 of 2nd period - Shot by James Wisniewski.
14:02 of 2nd period - Goal by James Wisniewski - Hurricanes : 5 - Jets : 3.
14:03 of 2nd period - Joe Pavelski wins face-off versus Brian Boyle in neutral zone.
14:19 of 2nd period - Minor Penalty to Anders Lee for Roughing.
14:20 of 2nd period - Matt Read wins face-off versus Derek Roy in Jets zone.
15:04 of 2nd period - Shot by Derek Roy.
15:04 of 2nd period - Deflect By Nick Foligno.
15:04 of 2nd period - Shot Misses the Net.
16:02 of 2nd period - Shot by Ben Lovejoy.
16:02 of 2nd period - Stopped by Marek Mazanec without a rebound.
16:03 of 2nd period - Brian Boyle wins face-off versus Matt Read in Jets zone.
16:03 of 2nd period - James Neal is hit by Nicklas Grossmann and loses puck.
16:25 of 2nd period - Shot by Joe Pavelski.
16:25 of 2nd period - Stopped by Mike Smith with a rebound.
16:31 of 2nd period - Shot by Joe Pavelski.
16:31 of 2nd period - Stopped by Mike Smith without a rebound.
16:32 of 2nd period - Joe Pavelski wins face-off versus Brandon McMillan in Hurricanes zone.
16:32 of 2nd period - Nicklas Grossmann is hit by James Wisniewski and loses puck.
16:37 of 2nd period - Shot by Corey Perry.
16:37 of 2nd period - Shot Misses the Net.
16:39 of 2nd period - Shot by Anders Lee.
16:39 of 2nd period - Goal by Anders Lee - Hurricanes : 5 - Jets : 4.
16:40 of 2nd period - Derek Roy wins face-off versus Joe Pavelski in neutral zone.
16:44 of 2nd period - Off-side.
16:45 of 2nd period - Joe Pavelski wins face-off versus Brad Richardson in neutral zone.
16:50 of 2nd period - Shot by Corey Perry.
16:50 of 2nd period - Shot Misses the Net.
17:26 of 2nd period - Shot by Joe Pavelski.
17:26 of 2nd period - Goal by Joe Pavelski - Hurricanes : 5 - Jets : 5.
17:27 of 2nd period - Jamie Benn wins face-off versus Derek Roy in neutral zone.
17:27 of 2nd period - Jamie Benn is hit by Nick Foligno.
17:35 of 2nd period - Shot by Jamie Benn.
17:35 of 2nd period - Stopped by Mike Smith without a rebound.
17:36 of 2nd period - Derek Roy wins face-off versus Jamie Benn in Hurricanes zone.
18:19 of 2nd period - Shot by Derek Roy.
18:19 of 2nd period - Stopped by Marek Mazanec without a rebound.
18:20 of 2nd period - Brad Richardson wins face-off versus Anders Lee in Jets zone.
19:17 of 2nd period - Kevin Czuczman is hit by Joe Pavelski and loses puck.
19:31 of 2nd period - Kevin Czuczman is hit by Connor Murphy and loses puck.
19:39 of 2nd period - Minor Penalty to Connor Murphy for Roughing.
19:40 of 2nd period - Derek Roy wins face-off versus Matt Read in Jets zone.
19:47 of 2nd period - Shot by Nick Foligno.
19:47 of 2nd period - Stopped by Marek Mazanec without a rebound.
19:48 of 2nd period - Brian Boyle wins face-off versus Matt Read in Jets zone.
19:58 of 2nd period - Icing by James Neal.
19:59 of 2nd period - Matt Read wins face-off versus Brian Boyle in Hurricanes zone.
Goals for this period are 2 for Hurricanes vs 3 for Jets.
Shots for this period are 12 for Hurricanes vs 15 for Jets.

3rd period


0:01 of 3rd period - Blake Wheeler wins face-off versus Matt Read in neutral zone.
0:04 of 3rd period - Shot by James Neal.
0:04 of 3rd period - Shot Misses the Net.
0:44 of 3rd period - Shot by Ben Lovejoy.
0:44 of 3rd period - Stopped by Marek Mazanec without a rebound.
0:45 of 3rd period - Nick Foligno wins face-off versus Matt Read in Jets zone.
0:58 of 3rd period - Shot by Kevin Czuczman.
0:58 of 3rd period - Stopped by Marek Mazanec without a rebound.
0:59 of 3rd period - Derek Roy wins face-off versus Matt Read in Jets zone.
1:00 of 3rd period - Shot by Nick Foligno.
1:00 of 3rd period - Shot Hit the Post.
1:02 of 3rd period - Shot by Dustin Byfuglien.
1:02 of 3rd period - Stopped by Marek Mazanec without a rebound.
1:03 of 3rd period - Matt Read wins face-off versus Derek Roy in Jets zone.
1:21 of 3rd period - Shot by Nick Foligno.
1:21 of 3rd period - Stopped by Marek Mazanec without a rebound.
1:22 of 3rd period - Brian Boyle wins face-off versus Matt Read in Jets zone.
1:55 of 3rd period - Shot by Corey Perry.
1:55 of 3rd period - Stopped by Mike Smith without a rebound.
1:56 of 3rd period - Brad Richardson wins face-off versus Jamie Benn in Hurricanes zone.
2:24 of 3rd period - Shot by Ryan Garbutt.
2:24 of 3rd period - Shot Misses the Net.
2:26 of 3rd period - Shot by Ryan Garbutt.
2:26 of 3rd period - Shot Blocked by Andre Benoit.
2:28 of 3rd period - Shot by Brad Richardson.
2:28 of 3rd period - Stopped by Marek Mazanec with a rebound.
2:53 of 3rd period - Derek Roy is hit by Troy Brouwer and loses puck.
3:31 of 3rd period - Andre Benoit is hit by Dustin Byfuglien and loses puck.
3:38 of 3rd period - Andre Benoit is hit by Nick Foligno and loses puck.
4:21 of 3rd period - Icing by Christian Ehrhoff.
4:22 of 3rd period - Brad Richardson wins face-off versus Corey Perry in Jets zone.
4:23 of 3rd period - Shot by James Neal.
4:23 of 3rd period - Shot Blocked by Corey Perry.
4:41 of 3rd period - Off-side.
4:42 of 3rd period - Brandon McMillan wins face-off versus Nick Bonino in neutral zone.
4:52 of 3rd period - Jason Garrison is hit by Patrick Maroon and loses puck.
5:26 of 3rd period - Icing by Brandon McMillan.
5:27 of 3rd period - Brandon McMillan wins face-off versus Joe Pavelski in Hurricanes zone.
5:29 of 3rd period - Icing by Dustin Byfuglien.
5:30 of 3rd period - Joe Pavelski wins face-off versus Brandon McMillan in Hurricanes zone.
5:31 of 3rd period - Shot by Corey Perry.
5:31 of 3rd period - Stopped by Mike Smith without a rebound.
5:32 of 3rd period - Ryan Garbutt wins face-off versus Joe Pavelski in Hurricanes zone.
5:32 of 3rd period - Ryan Garbutt is hit by Corey Perry.
5:40 of 3rd period - Shot by Ryan Wilson.
5:40 of 3rd period - Shot Misses the Net.
5:46 of 3rd period - Shot by James Neal.
5:46 of 3rd period - Stopped by Marek Mazanec without a rebound.
5:47 of 3rd period - Nick Bonino wins face-off versus Derek Roy in Jets zone.
5:58 of 3rd period - Shot by Nick Foligno.
5:58 of 3rd period - Shot Misses the Net.
6:00 of 3rd period - Shot by Nick Foligno.
6:00 of 3rd period - Stopped by Marek Mazanec without a rebound.
6:01 of 3rd period - Brad Richardson wins face-off versus Joe Pavelski in Jets zone.
6:01 of 3rd period - Brooks Orpik is hit by Connor Murphy.
6:26 of 3rd period - Shot by Joe Pavelski.
6:26 of 3rd period - Shot Misses the Net.
6:38 of 3rd period - Shot by Connor Murphy.
6:38 of 3rd period - Stopped by Mike Smith without a rebound.
6:39 of 3rd period - Jamie Benn wins face-off versus Derek Roy in Hurricanes zone.
6:39 of 3rd period - Troy Brouwer is hit by Ben Lovejoy and loses puck.
6:51 of 3rd period - Minor Penalty to Dustin Byfuglien for Hooking.
6:52 of 3rd period - Blake Wheeler wins face-off versus Jamie Benn in Hurricanes zone.
6:52 of 3rd period - Blake Wheeler is hit by Jamie Benn.
7:16 of 3rd period - Shot by Joe Pavelski.
7:16 of 3rd period - Shot Misses the Net.
7:18 of 3rd period - Shot by Andre Benoit.
7:18 of 3rd period - Stopped by Mike Smith without a rebound.
7:19 of 3rd period - Nick Bonino wins face-off versus Ryan Garbutt in Hurricanes zone.
7:52 of 3rd period - Matt Moulson is hit by Brooks Orpik and loses puck.
8:24 of 3rd period - Off-side.
8:25 of 3rd period - Joe Pavelski wins face-off versus Cal Clutterbuck in neutral zone.
8:39 of 3rd period - Shot by Joe Pavelski.
8:39 of 3rd period - Stopped by Mike Smith without a rebound.
8:40 of 3rd period - Joe Pavelski wins face-off versus Blake Wheeler in Hurricanes zone.
8:45 of 3rd period - Shot by Corey Perry.
8:45 of 3rd period - Shot Misses the Net.
8:47 of 3rd period - Shot by Jamie Benn.
8:47 of 3rd period - Stopped by Mike Smith without a rebound.
8:48 of 3rd period - Joe Pavelski wins face-off versus Brian Boyle in Hurricanes zone.
9:05 of 3rd period - Shot by Patrick Maroon.
9:05 of 3rd period - Stopped by Marek Mazanec without a rebound.
9:06 of 3rd period - Jamie Benn wins face-off versus Derek Roy in Jets zone.
9:08 of 3rd period - Minor Penalty to Nick Foligno for Holding.
9:09 of 3rd period - Brian Boyle wins face-off versus Joe Pavelski in Hurricanes zone.
9:19 of 3rd period - Icing by Christian Ehrhoff.
9:20 of 3rd period - Joe Pavelski wins face-off versus Brian Boyle in Jets zone.
9:27 of 3rd period - Shot by Joe Pavelski.
9:27 of 3rd period - Shot Misses the Net.
9:29 of 3rd period - Shot by Corey Perry.
9:29 of 3rd period - Stopped by Mike Smith without a rebound.
9:30 of 3rd period - Joe Pavelski wins face-off versus Brian Boyle in Hurricanes zone.
9:31 of 3rd period - Shot by Connor Murphy.
9:31 of 3rd period - Shot Blocked by Dustin Byfuglien.
9:33 of 3rd period - Shot by Connor Murphy.
9:33 of 3rd period - Stopped by Mike Smith without a rebound.
9:34 of 3rd period - Brian Boyle wins face-off versus Joe Pavelski in Hurricanes zone.
9:34 of 3rd period - Brian Boyle is hit by Jamie Benn.
9:47 of 3rd period - Minor Penalty to Christian Ehrhoff for Tripping.
9:48 of 3rd period - Derek Roy wins face-off versus Joe Pavelski in Jets zone.
9:53 of 3rd period - Shot by James Neal.
9:53 of 3rd period - Stopped by Marek Mazanec without a rebound.
9:54 of 3rd period - Joe Pavelski wins face-off versus Blake Wheeler in Jets zone.
10:06 of 3rd period - Shot by Corey Perry.
10:06 of 3rd period - Shot Misses the Net.
10:58 of 3rd period - Shot by Jamie Benn.
10:58 of 3rd period - Stopped by Mike Smith without a rebound.
10:59 of 3rd period - Derek Roy wins face-off versus Joe Pavelski in Hurricanes zone.
10:59 of 3rd period - Derek Roy is hit by Corey Perry.
11:09 of 3rd period - Shot by Brandon McMillan.
11:09 of 3rd period - Stopped by Marek Mazanec with a rebound.
11:13 of 3rd period - Shot by Dustin Byfuglien.
11:13 of 3rd period - Stopped by Marek Mazanec with a rebound.
11:15 of 3rd period - Shot by Nick Foligno.
11:15 of 3rd period - Shot Misses the Net.
11:17 of 3rd period - Shot by Kevin Czuczman.
11:17 of 3rd period - Stopped by Marek Mazanec without a rebound.
11:18 of 3rd period - Derek Roy wins face-off versus Matt Read in Jets zone.
11:46 of 3rd period - Shot by Matt Read.
11:46 of 3rd period - Shot Misses the Net.
12:20 of 3rd period - Shot by Kevin Czuczman.
12:20 of 3rd period - Stopped by Marek Mazanec without a rebound.
12:21 of 3rd period - Brandon McMillan wins face-off versus Anders Lee in Jets zone.
12:21 of 3rd period - Brandon McMillan is hit by Connor Murphy.
12:23 of 3rd period - Shot by Patrick Maroon.
12:23 of 3rd period - Stopped by Marek Mazanec without a rebound.
12:24 of 3rd period - Brad Richardson wins face-off versus Joe Pavelski in Jets zone.
12:24 of 3rd period - James Neal is hit by Connor Murphy and loses puck.
12:36 of 3rd period - Off-side.
12:37 of 3rd period - Jamie Benn wins face-off versus Derek Roy in neutral zone.
12:37 of 3rd period - Matt Moulson is hit by Blake Wheeler and loses puck.
12:54 of 3rd period - Nick Foligno is hit by Jonathan Ericsson and loses puck.
12:57 of 3rd period - Shot by Nick Foligno.
12:57 of 3rd period - Goal by Nick Foligno - Hurricanes : 6 - Jets : 5.
12:58 of 3rd period - Joe Pavelski wins face-off versus Brad Richardson in neutral zone.
14:10 of 3rd period - Shot by Matt Moulson.
14:10 of 3rd period - Deflect By Jamie Benn.
14:10 of 3rd period - Shot Misses the Net.
14:12 of 3rd period - Shot by Jonathan Ericsson.
14:12 of 3rd period - Shot Misses the Net.
14:14 of 3rd period - Shot by Matt Moulson.
14:14 of 3rd period - Stopped by Mike Smith without a rebound.
14:15 of 3rd period - Nick Bonino wins face-off versus Valeri Nichushkin in Hurricanes zone.
14:15 of 3rd period - Nick Bonino is hit by Dustin Byfuglien.
14:22 of 3rd period - Minor Penalty to Dustin Byfuglien for Hooking.
14:23 of 3rd period - Cal Clutterbuck wins face-off versus Nick Bonino in Hurricanes zone.
14:31 of 3rd period - Icing by Andre Benoit.
14:32 of 3rd period - Brian Boyle wins face-off versus Nick Bonino in Jets zone.
14:32 of 3rd period - Ryan Garbutt is hit by Andre Benoit and loses puck.
15:56 of 3rd period - Shot by Corey Perry.
15:56 of 3rd period - Deflect By Jamie Benn.
15:56 of 3rd period - Shot Blocked by Ryan Wilson.
16:00 of 3rd period - Shot by Connor Murphy.
16:00 of 3rd period - Stopped by Mike Smith without a rebound.
16:01 of 3rd period - Blake Wheeler wins face-off versus Jamie Benn in Hurricanes zone.
16:14 of 3rd period - Shot by Corey Perry.
16:14 of 3rd period - Stopped by Mike Smith without a rebound.
16:15 of 3rd period - Nick Bonino wins face-off versus Blake Wheeler in Hurricanes zone.
16:36 of 3rd period - Shot by Alex Chiasson.
16:36 of 3rd period - Stopped by Marek Mazanec without a rebound.
16:37 of 3rd period - Derek Roy wins face-off versus Nick Bonino in Jets zone.
16:38 of 3rd period - Shot by Blake Wheeler.
16:38 of 3rd period - Shot Misses the Net.
17:27 of 3rd period - Icing by James Wisniewski.
17:28 of 3rd period - Joe Pavelski wins face-off versus Derek Roy in Hurricanes zone.
17:42 of 3rd period - Joe Pavelski is hit by Brooks Orpik and loses puck.
17:45 of 3rd period - Shot by Corey Perry.
17:45 of 3rd period - Shot Misses the Net.
17:47 of 3rd period - Shot by Joe Pavelski.
17:47 of 3rd period - Shot Misses the Net.
17:49 of 3rd period - Shot by Joe Pavelski.
17:49 of 3rd period - Stopped by Mike Smith without a rebound.
17:50 of 3rd period - Ryan Garbutt wins face-off versus Jamie Benn in Hurricanes zone.
18:18 of 3rd period - Off-side.
18:19 of 3rd period - Brian Boyle wins face-off versus Joe Pavelski in neutral zone.
18:34 of 3rd period - Shot by Brian Boyle.
18:34 of 3rd period - Shot Misses the Net.
18:38 of 3rd period - Shot by Valeri Nichushkin.
18:38 of 3rd period - Goal by Valeri Nichushkin - Hurricanes : 7 - Jets : 5.
18:39 of 3rd period - Jamie Benn wins face-off versus Brad Richardson in neutral zone.
19:52 of 3rd period - Shot by Corey Perry.
19:52 of 3rd period - Goal by Corey Perry - Hurricanes : 7 - Jets : 6.
19:53 of 3rd period - Joe Pavelski wins face-off versus Nick Foligno in neutral zone.
Goals for this period are 2 for Hurricanes vs 1 for Jets.
Shots for this period are 17 for Hurricanes vs 14 for Jets.


Output by the SimonT Hockey Simulator (STHS) for Stephane Roy -- Original Page W3C XHTML 1.0 Valid
Hockey Simulator - Hockey Simulation - Hockey Manager